 Dungeon Crawl Stone Soup version 0.31-a0-1598-g94871bc2e8 (webtiles) character file.

Game seed: 7967643925993855837

54989 MisterFreud the Brawler (level 14, -6/116 HPs)
             Began as a Pale Draconian Shapeshifter on Jan 7, 2024.
             Was a High Priest of Qazlal.
             Mangled by a manticore (13 damage)
             ... on level 11 of the Dungeon.
             The game lasted 00:24:29 (17184 turns).

MisterFreud the Brawler (DrSh)                     Turns: 17184, Time: 00:24:29

Health: -6/116     AC: 15    Str: 16    XL:     14   Next: 36%
Magic:  15/21      EV: 17    Int: 12    God:    Qazlal [*****.]
Gold:   1475       SH:  7    Dex: 15    Spells: 13/13 levels left

rFire   . .          .
                       - Unarmed
rCold   . . .        (shield currently unavailable)
rNeg    . . .        (body armour unavailable)
rPois   +            (helmet restricted)
rElec   .            (no cloak)
rCorr   .            (gloves currently unavailable)
SInv    .            (no boots)
Will    +....        d - amulet of the acrobat
Stlth   +            x - ring of poison resistance
HPRegen 0.39/turn    B - +4 ring of protection
MPRegen 0.17/turn

%: repel missiles, acrobat
@: about to teleport, short of breath, blade hands, spiked, protected from
physical damage
A: breathe steam, AC +8, unfitting armour, cold-blooded, steam resistance
a: Breathe Steam, Begin Untransformation, Renounce Religion, Upheaval, Elemental
Force, Disaster Area


You were on level 11 of the Dungeon.
You worshipped Qazlal.
Qazlal was extremely pleased with you.
You had blades for hands.
You visited 3 branches of the dungeon, and saw 17 of its levels.

You collected 1475 gold pieces.

Inventory:

Jewellery
 d - an amulet of the acrobat (around neck)
 i - a ring of magical power
 x - a ring of poison resistance (left blade hand)
 y - a ring of see invisible
 z - a ring of flight
 A - an amulet of guardian spirit
 B - a +4 ring of protection (right blade hand)
 F - a ring of ice
 K - a +6 ring of dexterity
 M - a +6 ring of dexterity
Talismans
 b - a beast talisman
 c - a flux talisman
 I - a blade talisman (active)
Wands
 k - a wand of polymorph (9)
 s - a wand of flame (50)
 t - a wand of mindburst (17)
 v - a wand of roots (13)
 H - a wand of paralysis (12)
Scrolls
 e - 6 scrolls of vulnerability
 f - 2 scrolls of amnesia
 g - 6 scrolls of teleportation
 m - 2 scrolls of enchant armour
 o - 8 scrolls of identify
 q - 4 scrolls of revelation
 r - 3 scrolls of blinking
 w - 6 scrolls of fear
 C - 3 scrolls of torment
 G - 2 scrolls of poison
 L - a scroll of summoning
Potions
 a - a potion of lignification
 h - 2 potions of magic
 j - 5 potions of haste
 l - 2 potions of brilliance
 n - 6 potions of curing
 p - 4 potions of might
 u - 4 potions of attraction
 D - a potion of invisibility
 E - 6 potions of mutation
 J - 3 potions of enlightenment
 N - a potion of heal wounds


   Skills:
 + Level 8.8 Fighting
 - Level 10.0 Dodging
 - Level 15.0 Unarmed Combat
 - Level 10.0 Invocations
 - Level 5.0 Evocations
 - Level 15.0 Shapeshifting


You had 13 spell levels left.
You didn't know any spells.
Your spell library contained the following spells:

 Spells                   Type           Power      Damage    Failure   Level
 Apportation              Tloc           0%         N/A       32%         1
 Freeze                   Ice            0%         1d3       32%         1
 Necrotise                Necr           0%         1d4       32%         1
 Sting                    Conj/Alch      0%         1d3       32%         1
 Summon Small Mammal      Summ           0%         N/A       32%         1
 Cigotuvi's Dreadful Rot  Necr/Alch/Air  0%         N/A       45%         2
 Frozen Ramparts          Ice            0%         1d1       69%         3
 Hailstorm                Conj/Ice       0%         3d5       69%         3
 Summon Ice Beast         Ice/Summ       0%         N/A       69%         3
 Vampiric Draining        Necr           0%         2d6       69%         3
 Cause Fear               Hex            0%         N/A       97%         4
 Dispel Undead            Necr           0%         3d6       97%         4
 Martyr's Knell           Necr/Summ      0%         N/A       97%         4
 Curse of Agony           Necr           0%         N/A       100%        5
 Fireball                 Conj/Fire      0%         3d3       100%        5
 Death Channel            Necr           0%         N/A       100%        6
 Sculpt Simulacrum        Ice/Alch       0%         N/A       100%        6
 Dragon's Call            Summ           0%         N/A       100%        9


Dungeon Overview and Level Annotations

Branches:
Dungeon (11/15)            Temple (0/1) D:7            Lair (5/5) D:9
  Swamp (0/4) Lair:2        Snake (1/4) Lair:3        Slime (0/5) Lair:4
    Orc: D:9-12

Altars:
Dithmenos
Fedhas
Gozag
Hepliaklqana
Kikubaaqudgha
Nemelex Xobeh
Qazlal
Vehumet
Xom
The Shining One
Jiyva

Shops:
D:9 =   D:10 [

Annotations:
D:4 2 runed translucent doors, Pi314's ghost, amateur GnWr
D:6 7 runed translucent doors
D:9 3 runed translucent doors, PanSaczeczos's ghost, novice OpBe
Lair:3 3 runed translucent doors, Nammoc's ghost, journeyman GnWn; Pinugh's ghost, journeyman GnHu
Lair:5 exclusion: obsidian statue


Innate Abilities, Weirdness & Mutations

You have blades for hands.
You are incapable of wielding weapons or throwing items.
You can breathe blasts of scalding, opaque steam.
Your pale cyan-grey scales are hard. (AC +8)
You cannot fit into any form of body armour.
You are cold-blooded and may be slowed by cold attacks.
You are immune to the effects of steam.


Message History

The deep elf pyromancer hits you but does no damage.
The fire dragon bites you but does no damage.
The fire dragon claws you but does no damage.
The fire dragon closely misses you.
The eight-headed hydra is engulfed in blazing flames.
The eight-headed hydra barely misses you. x2
You block the eight-headed hydra's attack.
The eight-headed hydra bites you but does no damage.
The eight-headed hydra completely misses you.
The eight-headed hydra barely misses you.
The eight-headed hydra misses you.
The eight-headed hydra closely misses you.
You slice the fire dragon!!
You kill the fire dragon!
Qazlal accepts your kill.
The fire dragon scales are intact enough to wear.
The manticore bites you!
* * * LOW HITPOINT WARNING * * *
You feel more protected from physical attacks.
The manticore barely misses you. x2
The deep elf pyromancer hits you but does no damage.
Unknown command.
Unknown command.
Unknown command.
Unknown command.
You shred the deep elf pyromancer!!!
You kill the deep elf pyromancer!
Qazlal accepts your kill.
The eight-headed hydra is engulfed in blazing flames.
The eight-headed hydra bites you!
* * * LOW HITPOINT WARNING * * *
The eight-headed hydra barely misses you.
You block the eight-headed hydra's attack.
The eight-headed hydra barely misses you.
The eight-headed hydra closely misses you.
The eight-headed hydra misses you.
The eight-headed hydra bites you but does no damage.
The eight-headed hydra closely misses you.
The manticore bites you!
You die...

#....#.....## ###
#..... .......#....###
#...... ..............#
#.......
..............#
#.......
..............#
##...... .......B....##
#...... .....§..○§..#
.....## .......##[.##
...# .......#lD@# ..#
.........H)#### ###.#
..........§§...####...#
.>.......W............#
#######..............##
................#
...............^.####
..............<.......
.....#.........


You could see a boulder beetle, an eight-headed hydra, a manticore, a basilisk
and a shadow.

Vanquished Creatures
  The ghost of Ducan the Fighter, a journeyman DsBe of Trog (Lair:5)
  A dire elephant (Lair:5)
  A fire dragon (D:11)
  6 hydras
  Erica (D:8)
  3 centaur warriors (D:11)
  A death yak (Lair:5)
  2 two-headed ogres
  Urug (D:11)
  2 skysharks
  A spectral death yak (Lair:5)
  Amaemon (D:8)
  A spectral anaconda (Lair:5)
  An orc knight (D:11)
  A deep elf pyromancer (D:11)
  Pikel (D:7)
  A shining eye (shapeshifter) (D:9)
  4 necromancers (Lair:5)
  A will-o-the-wisp (Lair:2)
  A salamander (Lair:3)
  Maurice (D:8)
  5 ugly things (D:9)
  6 black mambas
  11 elephants
  A torpor snail (Lair:3)
  Joseph (D:7)
  14 cane toads
  An orange demon (D:8)
  Maggie (D:8)
  Jeremiah (D:8)
  4 rime drakes
  7 komodo dragons
  3 trolls
  A queen bee (D:8)
  Prince Ribbit (D:7)
  A troll (shapeshifter) (D:11)
  A hornet (D:8)
  2 polar bears (Lair:2)
  4 dream sheep
  5 blink frogs (Lair:2)
  A centaur simulacrum (D:11)
  3 vampires
  A wraith (D:8)
  3 wyverns
  38 yaks
  A steam dragon (D:8)
  3 basilisks
  3 death yak simulacra (Lair:5)
  7 vampire mosquitoes
  13 water moccasins
  10 orc warriors
  An elephant zombie (Lair:5)
  3 black bears
  An ice beast (D:5)
  5 sky beasts
  15 wolves
  4 centaurs
  4 boggarts (Lair:2)
  4 ogres
  2 elephant skeletons (Lair:5)
  2 phantoms
  2 kobold brigands
  13 bullfrogs
  A gnoll sergeant (D:9)
  A cane toad simulacrum (Lair:5)
  8 scorpions
  8 wights
  26 killer bees
  A bombardier beetle (D:4)
  A crimson imp (D:4)
  4 lava snakes (Lair:3)
  3 hounds
  A gnoll bouda (D:5)
  11 orc priests
  2 jellies
  A sleepcap (D:5)
  Terence (D:3)
  6 iguanas
  9 orc wizards
  12 gnolls
  5 adders
  2 shadow imps
  3 white imps
  An ufetubus (D:7)
  A dart slug (D:4)
  A ribbon worm (D:3)
  57 orcs
  3 endoplasms (D:3)
  3 giant cockroaches
  7 hobgoblins
  15 kobolds
  5 quokkas
  2 ball pythons
  3 bats
  A frilled lizard (D:2)
  3 goblins
  5 rats
455 creatures vanquished.

Vanquished Creatures (others)
  6 foxfires (Lair:2)
6 creatures vanquished.

Grand Total: 461 creatures vanquished

Notes
Turn   | Place    | Note
-------+----------+-------------------------------------------
     0 | D:1      | MisterFreud the Draconian Shapeshifter began the quest for
                  | the Orb.
     0 | D:1      | Reached XP level 1. HP: 16/16 MP: 1/1
   304 | D:1      | Reached XP level 2. HP: 23/23 MP: 2/2
   737 | D:2      | Reached XP level 3. HP: 29/29 MP: 3/3
  1158 | D:3      | Reached XP level 4. HP: 33/37 MP: 4/4
  1443 | D:3      | Noticed Terence
  1457 | D:3      | Killed Terence
  1489 | D:3      | Identified a scroll of acquirement
  1489 | D:3      | Acquired a manual of Unarmed Combat
  1726 | D:4      | Found a large runed translucent door.
  1726 | D:4      | Found a large runed translucent door.
  1731 | D:4      | Noticed Pi314's ghost (amateur GnWr)
  1762 | D:4      | Reached XP level 5. HP: 24/45 MP: 5/5
  2259 | D:4      | Reached skill level 5 in Unarmed Combat
  2360 | D:4      | Noticed a phantom
  2361 | D:4      | Found a sparkling altar of Nemelex Xobeh.
  2366 | D:4      | Found a hazy altar of Hepliaklqana.
  2366 | D:4      | Found a stormy altar of Qazlal.
  2366 | D:4      | Found a blossoming altar of Fedhas.
  2366 | D:4      | Found a shadowy altar of Dithmenos.
  2368 | D:4      | Killed a phantom
  2369 | D:4      | Reached XP level 6. HP: 50/52 MP: 6/6
  2389 | D:4      | Found an opulent altar of Gozag.
  2400 | D:4      | Became a worshipper of Qazlal Stormbringer
  2789 | D:5      | Entered Level 5 of the Dungeon
  2913 | D:6      | Reached skill level 5 in Shapeshifting
  2913 | D:6      | Your scales start taking on a pale cyan-grey colour.
  2913 | D:6      | Reached XP level 7. HP: 56/59 MP: 7/7
  2913 | D:6      | Gained mutation: You are immune to the effects of steam.
                  | [Pale Draconian growth]
  3270 | D:5      | Noticed a vampire mosquito
  3271 | D:5      | Noticed a vampire mosquito
  3278 | D:5      | Killed a vampire mosquito
  3280 | D:5      | Killed a vampire mosquito
  3282 | D:5      | Noticed a vampire mosquito
  3304 | D:5      | Killed a vampire mosquito
  3305 | D:5      | Reached XP level 8. HP: 38/66 MP: 8/8
  3465 | D:5      | Reached * piety under Qazlal
  3571 | D:5      | Reached skill level 10 in Unarmed Combat
  3971 | D:6      | Found a glowing golden altar of the Shining One.
  3978 | D:6      | Found an ancient bone altar of Kikubaaqudgha.
  4207 | D:6      | Reached skill level 5 in Fighting
  4331 | D:6      | Reached XP level 9. HP: 74/74 MP: 9/9
  4674 | D:6      | Found a runed translucent door.
  4764 | D:6      | Found a huge runed translucent gate.
  4764 | D:6      | Found a huge runed translucent gate.
  4783 | D:6      | Reached ** piety under Qazlal
  4807 | D:6      | Found a huge runed translucent gate.
  4807 | D:6      | Found a runed translucent door.
  4808 | D:6      | Found a huge runed translucent gate.
  4808 | D:6      | Found a runed translucent door.
  4808 | D:6      | Found a huge runed translucent gate.
  5146 | D:7      | Found a staircase to the Ecumenical Temple.
  5281 | D:7      | Reached skill level 5 in Dodging
  5582 | D:7      | Noticed Pikel
  5593 | D:7      | Killed Pikel
  5594 | D:7      | Reached XP level 10. HP: 75/88 MP: 10/10
  5642 | D:7      | Noticed Prince Ribbit
  5646 | D:7      | Noticed Joseph
  5660 | D:7      | Reached skill level 1 in Invocations
  5670 | D:7      | Killed Joseph
  5677 | D:7      | Killed Prince Ribbit
  6152 | D:8      | Noticed Jeremiah
  6176 | D:8      | Killed Jeremiah
  6378 | D:8      | Noticed Erica
  6382 | D:8      | Killed Erica
  6418 | D:8      | Noticed Maggie
  6426 | D:8      | Killed Maggie
  6600 | D:8      | Reached *** piety under Qazlal
  6984 | D:8      | Reached skill level 5 in Invocations
  7090 | D:8      | Noticed an orange demon
  7091 | D:8      | Noticed Amaemon
  7098 | D:8      | Killed an orange demon
  7101 | D:8      | Killed Amaemon
  7102 | D:8      | Reached XP level 11. HP: 80/94 MP: 13/15
  7372 | D:8      | Noticed a two-headed ogre
  7380 | D:8      | Killed a two-headed ogre
  7380 | D:8      | Reached **** piety under Qazlal
  7432 | D:8      | Noticed Maurice
  7435 | D:8      | Maurice stole an amulet of guardian spirit
  7436 | D:8      | Killed Maurice
  8201 | D:9      | Found a staircase to the Lair.
  8288 | D:9      | Found Plog's Jewellery Emporium.
  8320 | D:9      | Found a runed translucent gate.
  8321 | D:9      | Found a runed translucent gate.
  8323 | D:9      | Found a runed translucent gate.
  8325 | D:9      | Noticed a fire crab
  8325 | D:9      | Noticed a purple ugly thing
  8325 | D:9      | Noticed a purple ugly thing
  8325 | D:9      | Noticed a cyan ugly thing
  8325 | D:9      | Noticed a green ugly thing
  8326 | D:9      | Noticed a purple ugly thing
  8327 | D:9      | a fire crab changed into a steelbarb worm
  8327 | D:9      | Noticed a steelbarb worm (glowing shapeshifter)
  8330 | D:9      | a steelbarb worm changed into a deep troll
  8330 | D:9      | Noticed a deep troll (glowing shapeshifter)
  8502 | D:9      | Noticed a lindwurm
  8503 | D:9      | a lindwurm changed into a faun
  8508 | D:9      | a faun changed into a sea snake
  8508 | D:9      | Noticed a sea snake (glowing shapeshifter)
  8520 | D:9      | a sea snake changed into a shining eye
  8520 | D:9      | Noticed a shining eye (glowing shapeshifter)
  8526 | D:9      | Killed a shining eye
  8530 | D:9      | Killed a purple ugly thing
  8541 | D:9      | Killed a green ugly thing
  8542 | D:9      | Killed a purple ugly thing
  8811 | D:9      | Killed a cyan ugly thing
  8819 | D:9      | Killed a purple ugly thing
  8975 | D:9      | Found a runed translucent gate.
  8975 | D:9      | Found a runed translucent gate.
  8982 | D:9      | Found a runed translucent gate.
  8982 | D:9      | Noticed PanSaczeczos's ghost (novice OpBe)
  9022 | Lair:1   | Entered Level 1 of the Lair of Beasts
  9463 | Lair:1   | Reached skill level 15 in Unarmed Combat
  9469 | Lair:1   | Reached XP level 12. HP: 89/101 MP: 18/18
 10267 | Lair:1   | Reached skill level 10 in Dodging
 10504 | Lair:2   | Reached skill level 10 in Invocations
 10669 | Lair:2   | Reached ***** piety under Qazlal
 10670 | Lair:2   | Reached skill level 1 in Evocations
 10900 | Lair:2   | Found a sparkling altar of Nemelex Xobeh.
 11148 | Lair:2   | Found a staircase to the Swamp.
 11800 | Lair:3   | Noticed a four-headed hydra
 11808 | Lair:3   | Killed a four-headed hydra
 12008 | Lair:3   | Found a staircase to the Snake Pit.
 12026 | Snake:1  | Entered Level 1 of the Snake Pit
 12078 | Lair:3   | Reached skill level 10 in Shapeshifting
 12256 | Lair:3   | Reached XP level 13. HP: 105/107 MP: 20/20
 12318 | Lair:3   | Found a runed translucent gate.
 12319 | Lair:3   | Found a runed translucent gate.
 12320 | Lair:3   | Found a runed translucent gate.
 12320 | Lair:3   | Noticed Nammoc's ghost (journeyman GnWn)
 12321 | Lair:3   | Noticed Pinugh's ghost (journeyman GnHu)
 12322 | Lair:3   | Noticed Pinugh's ghost (journeyman GnHu)
 12322 | Lair:3   | Noticed Nammoc's ghost (journeyman GnWn)
 12811 | Lair:4   | Found a staircase to the Slime Pits.
 12823 | Lair:4   | Found a viscous altar of Jiyva.
 13035 | Lair:4   | Reached skill level 5 in Evocations
 13869 | Lair:5   | Entered Level 5 of the Lair of Beasts
 14465 | Lair:5   | Noticed a dire elephant
 14601 | Lair:5   | Identified the +6 scimitar "Hell-Harrower" {venom, ^Contam
                  | rPois Dex+4 Stlth+}
 15287 | Lair:5   | Found a runed translucent door.
 15287 | Lair:5   | Noticed Ducan's ghost (journeyman DsBe)
 15313 | Lair:5   | Killed Ducan's ghost
 15559 | Lair:5   | Found a shimmering altar of Xom.
 15825 | Lair:5   | Killed a dire elephant
 15826 | Lair:5   | Reached XP level 14. HP: 108/115 MP: 21/21
 16078 | D:10     | Entered Level 10 of the Dungeon
 16081 | D:10     | Found a radiant altar of Vehumet.
 16455 | D:10     | Found Vuahiefu's Antique Armour Emporium.
 16840 | D:11     | Noticed Urug
 16851 | D:11     | Killed Urug
 17167 | D:11     | Reached ****** piety under Qazlal
 17173 | D:11     | Reached skill level 15 in Shapeshifting
 17184 | D:11     | Mangled by a manticore

Illustrated notes

Levels and vault maps discovered:
D:1:      shiori_arrival_oz, layout_rooms, st_stairs_3
D:2:      layout_rooms
D:3:      layout_basic, uniq_terence
D:4:      minmay_door_path, layout_cave_pools, minitemple,
          ebering_ghost_disaster_area, minmay_fire_ice_demons
D:5:      layout_basic
D:6:      layout_cave_pools, mainiacjoe_overflow_big_doors, serial_rivers,
          chequers_serial_rivers_large_b, chequers_serial_rivers_small_a,
          chequers_serial_rivers_micro_e, chequers_serial_rivers_micro_b,
          chequers_serial_rivers_marsh, chequers_serial_rivers_micro_d,
          serial_bayou_pond_e, lightli_church_of_beogh
D:7:      minmay_slanted_spiral_squares, layout_cave_pools, temple_doors_e,
          uniq_pikel, uniq_prince_ribbit1, uniq_joseph
D:8:      layout_loops_corners, special_room [special_room_orc],
          nicolae_looking_at_the_future, uniq_maurice, uniq_maggie, uniq_erica,
          uniq_amaemon, uniq_jeremiah
D:9:      layout_rooms, lair_entry_dummy, serial_shops,
          nicolae_shop_gaudy_bauble, ploomutoo_gammafunk_ghost_potion_laboratory
D:10:     layout_rooms, vehumet_altar_wand_db, serial_shops, shop,
          hangedman_decor_opposing, st_stairs_10
D:11:     minmay_goldmine, layout_layer_cave, special_room [special_room_orc],
          minivault_28, uniq_urug
Lair:1:   layout_hall_layers, special_room, grunt_megastairs_1
Lair:2:   layout_cave_shapes, minmay_swamp_entry_wisps, basic_altar,
          kilobyte_rumbling_trees
Lair:3:   layout_chaotic_city, nicolae_snake_entry_warm_welcome,
          gammafunk_ghost_cemetery, nicolae_volcano_entry_lava_flow
Lair:4:   layout_gridlike, slime_entry_1, chequers_serial_rivers_micro_a
Lair:5:   due_jungle_book, layout_gridlike, basic_altar,
          ebering_ghost_reflecting_pool
Snake:1:  layout_onion_interference, nicolae_large_snake_swirl,
          minmay_shoptagon, grunt_megastairs_2, uniq_asterion

Skill      XL: |  1  2  3  4  5  6  7  8  9 10 11 12 13 14 |
---------------+-------------------------------------------+-----
Fighting       | 2 3 4 5 8 |  8.8
Unarmed Combat | 4 5 6 9 10 12 14 15 | 15.0
Shapeshifting  | 4 5 6 7 10 14 15 | 15.0
Dodging        | 3 6 7 9 10 | 10.0
Invocations    | 5 8 10 | 10.0
Evocations     | 4 5 |  5.0

Action                     |  1- 3 |  4- 6 |  7- 9 | 10-12 | 13-15 || total
---------------------------+-------+-------+-------+-------+-------++-------
  Melee: Unarmed           |    64 |   112 |   253 |   579 |   463 ||  1471
         Tailslap          |     2 |    20 |    44 |   111 |    76 ||   253
         Punch             |     1 |     3 |     4 |       |    23 ||    31
 Invoke: Disaster Area     |       |       |       |       |     2 ||     2
Ability: Breathe Steam     |       |       |    12 |    23 |     3 ||    38
    Use: Scroll            |     4 |    10 |     3 |     9 |     5 ||    31
         Potion            |     1 |       |       |       |     4 ||     5
   Stab: Sleeping          |     1 |     1 |       |       |       ||     2
 Armour: Skin              |    28 |    48 |    86 |   212 |   234 ||   608
  Dodge: Dodged            |    44 |    65 |   192 |   580 |   415 ||  1296
         Repelled          |       |       |       |     5 |     2 ||     7
  Block: Other             |       |       |    15 |    99 |   118 ||   232
   Form: Flux              |       |       |     1 |       |     2 ||     3
         Blade             |       |       |       |       |     3 ||     3

Table legend: (Time is in decaauts)
 A = Elapsed time spent in this place.
 B = Non-inter-level travel time spent in this place.
 C = Inter-level travel time spent in this place.
 D = Time resting spent in this place.
 E = Time spent auto-exploring this place.
 F = Levels seen in this place.
 G = Mean time per level.
                   A        B        C        D        E       F      G
               +--------+--------+--------+--------+--------+-----+--------+
         Total |  16908 |  16415 |    493 |   3670 |  10091 |  17 |  994.6 |
       Dungeon |  10157 |   9921 |    236 |   1914 |   6303 |  11 |  923.4 |
          Lair |   6748 |   6491 |    257 |   1756 |   3788 |   5 | 1349.6 |
     Snake Pit |      1 |      1 |      0 |      0 |      0 |   1 |    1.0 |
               +--------+--------+--------+--------+--------+-----+--------+

Top non-repeatable levels by time:
  Lair:5: 2002 daAuts
     D:8: 1938 daAuts
  Lair:1: 1442 daAuts
  Lair:4: 1199 daAuts
     D:5: 1156 daAuts
  Lair:2: 1113 daAuts
     D:9: 1109 daAuts
     D:6: 1094 daAuts
     D:4: 1008 daAuts
     D:7: 1003 daAuts
  Lair:3: 991 daAuts
    D:10: 733 daAuts
     D:3: 660 daAuts
     D:1: 599 daAuts
     D:2: 516 daAuts
